 Dungeon Crawl Stone Soup version 0.29.0-11-gd7f09526c8 (webtiles) character file.

Game seed: 4243412980029300973

14073 themarg the Thaumaturge (level 12, -5/97 HPs)
             Began as a Gnoll Wanderer on Sept 2, 2022.
             Was an Initiate of Ru.
             Killed from afar by a gargoyle (15 damage)
             ... with a stone arrow
             ... on level 12 of the Dungeon.
             The game lasted 01:47:11 (21242 turns).

themarg the Thaumaturge (Gnoll Wanderer)           Turns: 21242, Time: 01:47:11

Health: -5/97      AC: 11    Str: 20    XL:     12   Next: 12%
Magic:  19/26      EV: 15    Int:  9    God:    Ru [......]
Gold:   1389       SH:  0    Dex: 17    Spells: 7/31 levels left

rFire   . . .      SeeInvis .   Q - +7 quarterstaff of Fate {flame, rN+++ Dex+8}
rCold   + . .      Faith    .   (shield currently unavailable)
rNeg    + + +      Spirit   .   N - +1 leather armour {rC+}
rPois   .          Reflect  .   w - +0 helmet
rElec   .          Harm     .   (no cloak)
rCorr   .          Rampage  .   T - +0 pair of gloves
Will    .....                   (no boots)
Stlth   ++++......              j - amulet of magic regeneration
HPRegen 0.26/turn               r - ring of wizardry
MPRegen 0.60/turn               a - +4 ring of protection

@: brilliant, slightly contaminated
A: fangs 1, clumsy 1, strong nose, distributed training
a: Renounce Religion, Sacrifice Courage, Sacrifice Artifice, Sacrifice
Resistance, Reject Sacrifices


You were on level 12 of the Dungeon.
You worshipped Ru.
Ru was noncommittal.
You visited 2 branches of the dungeon, and saw 13 of its levels.
You also visited: Bailey and Gauntlet.

You collected 1419 gold pieces.
You spent 30 gold pieces at shops.

Inventory:

Hand Weapons
 n - a +2 dagger of venom
 Q - the +7 quarterstaff of Fate (weapon) {flame, rN+++ Dex+8}
   (You found it on level 9 of the Dungeon)

   It burns those it strikes, dealing additional fire damage.
   Dex:       It affects your dexterity (+8).
   rN:        It renders you almost immune to negative energy.
Missiles
 x - 7 curare-tipped darts
 F - 61 poisoned darts (quivered)
 K - 4 atropa-tipped darts
 Y - 4 datura-tipped darts
Armour
 f - a +2 kite shield
 w - a +0 helmet (worn)
 G - +0 steam dragon scales
 M - a scarf of resistance
 N - a +1 leather armour of cold resistance (worn)
 S - a +0 cloak of willpower
 T - a +0 pair of gloves (worn)
Magical Staves
 h - a staff of conjuration
Jewellery
 a - a +4 ring of protection (right hand)
 j - an amulet of magic regeneration (around neck)
 r - a ring of wizardry (left hand)
 C - a ring of flight
 D - a ring of protection from cold
 U - a +6 ring of dexterity
Wands
 p - a wand of polymorph (8)
 t - a wand of charming (28)
 v - a wand of digging (4)
 H - a wand of mindburst (33)
 L - a wand of iceblast (4)
 O - a wand of flame (12)
Scrolls
 c - a scroll of brand weapon
 e - 4 scrolls of amnesia
 g - 2 scrolls of noise
 i - 5 scrolls of immolation
 l - 2 scrolls of poison
 q - a scroll of summoning
 s - a scroll of enchant armour {unknown}
 I - 3 scrolls of enchant weapon
 J - a scroll of silence {unknown}
 P - a scroll of acquirement {unknown}
 R - a scroll of vulnerability {unknown}
 V - a scroll of teleportation
Potions
 b - 3 potions of haste
 d - 7 potions of curing
 k - 2 potions of flight {unknown}
 m - 2 potions of brilliance
 o - a potion of berserk rage {unknown}
 u - 2 potions of mutation
 z - a potion of magic {unknown}
 A - 3 potions of might {unknown}
 B - a potion of resistance {unknown}
 E - a potion of attraction {unknown}
 W - a potion of degeneration {unknown}
 X - 3 potions of ambrosia {unknown}
Miscellaneous
 y - a box of beasts (inert)


   Skills:
 + Level 9.8 Fighting
 + Level 7.2 Short Blades
 + Level 7.2 Long Blades
 + Level 7.2 Axes
 + Level 8.6 Maces & Flails
 + Level 7.2 Polearms
 + Level 7.2 Staves
 + Level 7.2 Ranged Weapons
 + Level 7.2 Throwing
 + Level 7.2 Armour
 + Level 7.2 Dodging
 + Level 7.7 Stealth
 + Level 7.2 Shields
 + Level 7.2 Unarmed Combat
 + Level 10.2 Spellcasting
 + Level 6.0 Conjurations
 + Level 6.0 Hexes
 + Level 6.0 Summonings
 + Level 6.0 Necromancy
 + Level 6.0 Translocations
 + Level 6.0 Transmutations
 + Level 6.0 Fire Magic
 + Level 6.0 Ice Magic
 + Level 6.0 Air Magic
 + Level 6.0 Earth Magic
 + Level 6.0 Poison Magic
 + Level 7.9 Invocations
 + Level 7.2 Evocations


You had 7 spell levels left.
You knew the following spells:

 Your Spells              Type           Power      Damage    Failure   Level
a - Foxfire               Conj/Fire      92%        2x1d8     1%          1
b - Ignite Poison         Fire/Tmut/Pois 23%        N/A       1%          3
c - Summon Guardian Gole  Hex/Summ       23%        N/A       1%          3
d - Flame Wave            Conj/Fire      23%        2d8       6%          4
e - Summon Lightning Spi  Summ/Air       23%        N/A       6%          4
f - Sticky Flame          Conj/Fire      23%        2d4       6%          4
g - Irradiate             Conj/Tmut      11%        3d15      16%         5

Your spell library contained the following spells:

 Spells                   Type           Power      Damage    Failure   Level
 Slow                     Hex            92%        N/A       1%          1
 Ensorcelled Hibernation  Hex/Ice        46%        N/A       1%          2
 Passwall                 Tmut/Erth      19%        N/A       1%          2
 Scorch                   Fire           46%        2d7       1%          2
 Static Discharge         Conj/Air       23%        3-6/arc   1%          2
 Sublimation of Blood     Necr           23%        N/A       1%          2
 Confusing Touch          Hex            23%        N/A       1%          3
 Conjure Flame            Conj/Fire      23%        6-21      1%          3
 Dazzling Flash           Conj/Hex       46%        N/A       1%          3
 Gell's Gravitas          Tloc           23%        N/A       1%          3
 Lesser Beckoning         Tloc           23%        N/A       1%          3
 Stone Arrow              Conj/Erth      46%        3d9       1%          3
 Swiftness                Air            23%        N/A       1%          3
 Teleport Other           Tloc           23%        N/A       1%          3
 Vampiric Draining        Necr           23%        2d7       1%          3
 Animate Armour           Summ/Erth      46%        N/A       6%          4
 Dispel Undead            Necr           23%        3d12      6%          4
 Petrify                  Tmut/Erth      23%        N/A       6%          4
 Agony                    Necr           23%        N/A       16%         5
 Metabolic Englaciation   Hex/Ice        11%        N/A       16%         5
 Silence                  Hex/Air        11%        N/A       16%         5
 Summon Forest            Summ/Tloc      11%        N/A       16%         5
 Statue Form              Tmut/Erth      15%        N/A       61%         6
 Summon Cactus Giant      Summ           11%        N/A       61%         6
 Orb of Destruction       Conj           11%        9d6       98%         7
 Spellforged Servitor     Conj/Summ      11%        N/A       98%         7
 Storm Form               Tmut/Air       11%        N/A       98%         7
 Lehudib's Crystal Spear  Conj/Erth      11%        10d4      100%        8
 Maxwell's Capacitive Co  Air            11%        ∞         100%        8


Dungeon Overview and Level Annotations

Branches:
Dungeon (12/15)            Temple (1/1) D:7            Lair (0/5) D:11
 Bailey (visited)         Gauntlet (visited)
    Orc: D:9-12

Altars:
Ashenzari
Cheibriados
Dithmenos
Elyvilon
Fedhas
Gozag
Hepliaklqana
Kikubaaqudgha
Makhleb
Nemelex Xobeh
Okawaru
Qazlal
Ru
Sif Muna
Trog
Uskayaw
Vehumet
Wu Jian
Xom
Yredelemnul
Zin
The Shining One

Shops:
D:9 *

Annotations:
D:9 3 runed translucent doors, Strat's ghost, novice FoCA
D:10 2 exclusions
D:11 2 exclusions


Innate Abilities, Weirdness & Mutations

You have very sharp teeth.
You are clumsy. (Dex -2)
Your uncanny sense of smell can sniff out nearby items.
Your experience applies equally to all skills.


Message History

You turn to flesh and can move again.
Okay, then.
You feel clever all of a sudden.
Jorgrun is engulfed in blazing flames.
Jorgrun hits you with a +0 vorpal quarterstaff.
* * * LOW HITPOINT WARNING * * *
x2
Casting: Sticky Flame (dangerous; 6% risk of failure)
Confirm with . or Enter, or press ? or * to list all spells.
You feel a surge of power!
You erupt in a fountain of uncontrolled magic!
Jorgrun is blasted with magical radiation!
Jorgrun is severely wounded.
Jorgrun twists and deforms.
You are very lightly contaminated with residual magic.
Jorgrun is engulfed in blazing flames.
Jorgrun hits you with a +0 vorpal quarterstaff!
* * * LOW HITPOINT WARNING * * *
x2
Casting: Irradiate (dangerous; 16% risk of failure)
Confirm with . or Enter, or press ? or * to list all spells.
You feel a surge of power!
You erupt in a fountain of uncontrolled magic!
Jorgrun is blasted with magical radiation!!
You kill Jorgrun!
You are lightly contaminated with residual magic.
Your Conjurations skill increases to level 6!
Your Hexes skill increases to level 6!
Your Summonings skill increases to level 6!
Your Necromancy skill increases to level 6!
Your Translocations skill increases to level 6!
Your Transmutations skill increases to level 6!
Your Fire Magic skill increases to level 6!
Your Ice Magic skill increases to level 6!
Your Air Magic skill increases to level 6!
Your Earth Magic skill increases to level 6!
Your Poison Magic skill increases to level 6!
You have reached level 12!
You feel agile.
The gargoyle hurls a stone arrow at you.
The stone arrow hits you!
You die...

#................
#........†.......#####
#....##....#..........
#... #.....# .........
#.. #.....###.#.#...
#. #......§§...... #
#######9☼...#.
###.....".§.o.#
..........@...#
........#######
........#.....#
........#.<...#
........#.....#
..............#
..............#
........#.....#
###.....#........


You could see a gargoyle and an orc priest.

Vanquished Creatures
  Jorgrun (D:12)
  A minotaur (Gauntlet)
  An entropy weaver (Gauntlet)
  Fannar (D:10)
  A two-headed ogre (D:10)
  An unseen horror (D:10)
  Psyche (D:11)
  A wyvern (D:9)
  A wraith (D:8)
  5 yaks
  A steam dragon (D:6)
  4 vampire mosquitoes
  Menkaure (D:6)
  A swamp worm (Gauntlet)
  An acid dragon (D:9)
  A sky beast (D:7)
  5 orc warriors (Bailey)
  3 ogres
  2 black bears
  An ice beast (D:6)
  A phantom (D:5)
  10 kobold brigands
  3 bullfrogs
  4 scorpions
  2 necrophages
  A gnoll sergeant (D:8)
  4 wights
  3 killer bees (D:9)
  10 howler monkeys
  5 electric eels (D:11)
  2 jellies
  5 hounds
  2 orc priests
  3 iron imps (Gauntlet)
  6 iguanas
  7 orc wizards
  Robin (D:4)
  18 gnolls
  6 adders
  3 shadow imps
  A white imp (D:6)
  An ufetubus (D:5)
  A worm (D:2)
  3 dart slugs
  16 orcs
  6 bats
  2 endoplasms
  4 giant cockroaches
  14 goblins
  8 hobgoblins
  2 jackals (D:3)
  9 quokkas
  4 ball pythons
  6 frilled lizards
  39 kobolds
  4 rats
250 creatures vanquished.

Vanquished Creatures (collateral kills)
  A jumping spider (Gauntlet)
  3 yaks (D:9)
  A shadow (D:11)
  A wyvern (D:10)
  A wraith (D:9)
  2 orc warriors
  2 kobold brigands (Bailey)
  A wight (D:10)
  A howler monkey (D:10)
  An orc priest (D:9)
  3 orc wizards
  7 orcs
  4 kobolds (Bailey)
28 creatures vanquished.

Vanquished Creatures (others)
  A kobold demonologist (D:10)
  A ynoxinul (Gauntlet)
  A swamp worm (Gauntlet)
  An ice beast (D:7)
  An orc warrior (D:10)
  A centaur (D:9)
  2 kobold brigands (Bailey)
  6 wights
  8 killer bees
  A gnoll bouda (D:7)
  3 gnolls
  An orc (D:6)
  2 kobolds (Bailey)
  254 foxfires
283 creatures vanquished.

Grand Total: 561 creatures vanquished

Notes
Turn   | Place    | Note
-------+----------+-------------------------------------------
     0 | D:1      | themarg the Gnoll Wanderer began the quest for the Orb.
     0 | D:1      | themarg set off with the following items: a +1 mace, a
                  | scroll of butterflies, a +0 leather armour; and the
                  | following spell memorised: Foxfire; and the following
                  | spells available to memorise: Ensorcelled Hibernation,
                  | Conjure Flame, Ignite Poison.
     0 | D:1      | Reached XP level 1. HP: 23/23 MP: 8/8
    30 | D:1      | Found a faded altar of an unknown god.
   321 | D:1      | Reached XP level 2. HP: 29/29 MP: 10/10
   808 | D:2      | Reached XP level 3. HP: 29/35 MP: 11/11
   815 | D:2      | Reached skill level 1 in Invocations
  1102 | D:2      | Reached skill level 1 in Short Blades
  1102 | D:2      | Reached skill level 1 in Long Blades
  1102 | D:2      | Reached skill level 1 in Axes
  1102 | D:2      | Reached skill level 1 in Polearms
  1102 | D:2      | Reached skill level 1 in Staves
  1102 | D:2      | Reached skill level 1 in Ranged Weapons
  1102 | D:2      | Reached skill level 1 in Throwing
  1102 | D:2      | Reached skill level 1 in Armour
  1102 | D:2      | Reached skill level 1 in Dodging
  1102 | D:2      | Reached skill level 1 in Shields
  1102 | D:2      | Reached skill level 1 in Unarmed Combat
  1102 | D:2      | Reached skill level 1 in Evocations
  1429 | D:2      | Reached XP level 4. HP: 41/41 MP: 13/13
  1611 | D:2      | Identified the +9 long sword "Yrucwoce" {venom, rF+ rC+
                  | rCorr Str-2}
  1951 | D:3      | Got the Quarto of the Hyperbolic Chill
  2452 | D:3      | Reached skill level 1 in Conjurations
  2452 | D:3      | Reached skill level 1 in Hexes
  2452 | D:3      | Reached skill level 1 in Summonings
  2452 | D:3      | Reached skill level 1 in Necromancy
  2452 | D:3      | Reached skill level 1 in Translocations
  2452 | D:3      | Reached skill level 1 in Transmutations
  2452 | D:3      | Reached skill level 1 in Fire Magic
  2452 | D:3      | Reached skill level 1 in Ice Magic
  2452 | D:3      | Reached skill level 1 in Air Magic
  2452 | D:3      | Reached skill level 1 in Earth Magic
  2452 | D:3      | Reached skill level 1 in Poison Magic
  3391 | D:4      | Noticed Robin
  3395 | D:4      | Reached XP level 5. HP: 47/47 MP: 14/14
  3442 | D:4      | Killed Robin
  3894 | D:4      | Reached XP level 6. HP: 26/52 MP: 16/16
  4061 | D:4      | Reached skill level 5 in Maces & Flails
  5445 | D:5      | Entered Level 5 of the Dungeon
  5454 | D:5      | Reached XP level 7. HP: 60/60 MP: 13/18
  6703 | D:5      | Learned a level 3 spell: Ignite Poison
  6996 | D:5      | Found a sacrificial altar of Ru.
  7004 | D:5      | Became a worshipper of Ru the Awakened
  7037 | D:5      | Reached XP level 8. HP: 52/67 MP: 15/19
  7372 | D:6      | Noticed Menkaure
  7436 | D:6      | Found a broken altar of Ashenzari.
  8318 | D:6      | Reached skill level 8 in Spellcasting
  9086 | D:6      | Killed Menkaure
  9506 | D:6      | Reached XP level 9. HP: 66/73 MP: 21/21
 10067 | D:6      | Learned a level 3 spell: Summon Guardian Golem
 10625 | D:6      | Found an iron altar of Okawaru.
 11021 | D:7      | Found a staircase to the Ecumenical Temple.
 11138 | D:7      | Reached skill level 5 in Stealth
 11201 | Temple   | Entered the Ecumenical Temple
 11500 | D:7      | Reached skill level 5 in Invocations
 12105 | D:7      | Gained mutation: You are clumsy. (Dex -2) [Ru sacrifice]
 13124 | D:7      | Reached skill level 5 in Short Blades
 13124 | D:7      | Reached skill level 5 in Long Blades
 13124 | D:7      | Reached skill level 5 in Axes
 13124 | D:7      | Reached skill level 5 in Polearms
 13124 | D:7      | Reached skill level 5 in Staves
 13124 | D:7      | Reached skill level 5 in Ranged Weapons
 13124 | D:7      | Reached skill level 5 in Throwing
 13124 | D:7      | Reached skill level 5 in Armour
 13124 | D:7      | Reached skill level 5 in Dodging
 13124 | D:7      | Reached skill level 5 in Shields
 13124 | D:7      | Reached skill level 5 in Unarmed Combat
 13124 | D:7      | Reached skill level 5 in Evocations
 13143 | D:7      | Reached XP level 10. HP: 22/81 MP: 20/22
 14059 | D:8      | Found a shimmering altar of Xom.
 14490 | D:8      | Reached skill level 9 in Spellcasting
 14783 | D:8      | Learned a level 4 spell: Flame Wave
 14981 | D:9      | Learned a level 4 spell: Summon Lightning Spire
 15534 | D:9      | Found a runed translucent gate.
 15534 | D:9      | Found a runed translucent gate.
 15534 | D:9      | Found a runed translucent gate.
 15535 | D:9      | Found an opulent altar of Gozag.
 15535 | D:9      | Noticed a centaur warrior
 15536 | D:9      | Noticed Strat's ghost (novice FoCA)
 15704 | D:9      | Found Iptoup's General Store.
 16058 | D:9      | Bought a scroll of identify for 30 gold pieces
 16102 | D:9      | Identified the +7 quarterstaff of Fate {flame, rN+++ Dex+8}
 17050 | D:9      | Found a glowing silver altar of Zin.
 17051 | D:9      | Noticed an angel
 17116 | D:10     | Entered Level 10 of the Dungeon
 17238 | D:10     | Noticed a kobold demonologist
 17243 | D:10     | Noticed a two-headed ogre
 17263 | D:10     | Noticed a sixfirhy
 17267 | D:10     | Killed a kobold demonologist
 17268 | D:10     | Reached skill level 5 in Conjurations
 17268 | D:10     | Reached skill level 5 in Hexes
 17268 | D:10     | Reached skill level 5 in Summonings
 17268 | D:10     | Reached skill level 5 in Necromancy
 17268 | D:10     | Reached skill level 5 in Translocations
 17268 | D:10     | Reached skill level 5 in Transmutations
 17268 | D:10     | Reached skill level 5 in Fire Magic
 17268 | D:10     | Reached skill level 5 in Ice Magic
 17268 | D:10     | Reached skill level 5 in Air Magic
 17268 | D:10     | Reached skill level 5 in Earth Magic
 17268 | D:10     | Reached skill level 5 in Poison Magic
 17324 | D:10     | Found a snail-covered altar of Cheibriados.
 17332 | D:10     | Found a shimmering blue altar of Sif Muna.
 17333 | D:10     | Found a burning altar of Makhleb.
 17437 | D:10     | Found a white marble altar of Elyvilon.
 17437 | D:10     | Noticed Fannar
 17452 | D:10     | Killed Fannar
 17453 | D:10     | Reached XP level 11. HP: 41/89 MP: 24/24
 17767 | D:10     | Found a flagged portal.
 17774 | Bailey   | Entered a bailey
 18100 | Bailey   | Found an iron altar of Okawaru.
 18619 | D:10     | Killed a two-headed ogre
 18949 | D:11     | Found a staircase to the Lair.
 19094 | D:11     | Found a gate leading to a gauntlet.
 19106 | Gauntlet | Entered a Gauntlet
 19106 | Gauntlet | Found a transporter.
 19106 | Gauntlet | Found a transporter.
 19114 | Gauntlet | Found a transporter.
 19118 | Gauntlet | Found a transporter.
 19129 | Gauntlet | Found a transporter.
 19130 | Gauntlet | Found a transporter.
 19130 | Gauntlet | Noticed an oklob plant
 19132 | Gauntlet | Noticed a green death
 19134 | Gauntlet | Found a runed translucent door.
 19136 | Gauntlet | Found a runed translucent door.
 19138 | Gauntlet | Found a transporter.
 19154 | Gauntlet | Found a transporter.
 19156 | Gauntlet | Noticed an entropy weaver
 19159 | Gauntlet | Found a transporter.
 19179 | Gauntlet | Found a transporter.
 19183 | Gauntlet | Found a runed translucent door.
 19183 | Gauntlet | Found a runed translucent door.
 19187 | Gauntlet | Found a transporter.
 19191 | Gauntlet | Found a transporter.
 19547 | Gauntlet | Learned a level 4 spell: Sticky Flame
 19646 | Gauntlet | Learned a level 5 spell: Irradiate
 19657 | Gauntlet | Killed an entropy weaver
 20039 | Gauntlet | Noticed a minotaur
 20053 | Gauntlet | Killed a minotaur
 20054 | Gauntlet | Reached skill level 10 in Spellcasting
 20564 | D:11     | Noticed Psyche
 20580 | D:11     | Killed Psyche
 21225 | D:12     | Noticed Jorgrun
 21241 | D:12     | Killed Jorgrun
 21242 | D:12     | Reached XP level 12. HP: 9/97 MP: 18/26
 21242 | D:12     | Killed from afar by a gargoyle

Illustrated notes

Levels and vault maps discovered:
D:1:      nzn_arrival_water_spiral, layout_rooms,
          chequers_ecumenical_altar_simple
D:2:      layout_basic
D:3:      layout_loops_corners, kennysheep_flooded_box
D:4:      layout_basic, minivault_24, uniq_robin
D:5:      layout_rooms, nicolae_ru_path_of_blood
D:6:      layout_loops_ring, kennysheep_okawaru_gauntlet,
          mainiacjoe_overflow_surrounded_room, uniq_menkaure
D:7:      layout_loops_cross, minmay_temple_entry_statues
D:8:      layout_rooms, lemuel_doored_altar, kennysheep_generic_room_9
D:9:      layout_roguey, zin_angel, ebering_ghost_gozag, serial_shops,
          nicolae_square_shop
D:10:     layout_rooms, overflow_temple_1_default, minitemple,
          serial_co_window_serial, co_window_corner_a, co_window_paths_a,
          co_window_corner_a, co_window_of_opportunity_a, co_window_corner_a,
          co_window_paths_b, co_window_of_opportunity_b, co_window_2corner,
          co_window_broadway_c, co_window_cross_4, co_window_paths_c,
          co_window_corner_b, glass_columns_b, glass_columns_a, enter_bailey_2,
          uniq_fannar
D:11:     layout_stronghold, lair_entry_dummy, gauntlet_entry_generic,
          kennysheep_boxes, uniq_psyche
D:12:     layout_grid_maze, erik_orc_4, uniq_jorgrun
Temple:   nicolae_temple_figure_eight

Skill      XL: |  1  2  3  4  5  6  7  8  9 10 11 |
---------------+----------------------------------+-----
Invocations    | 1 2 3 4 5 6 7 |  7.9
Short Blades   | 1 2 3 5 6 7 |  7.2
Long Blades    | 1 2 3 5 6 7 |  7.2
Axes           | 1 2 3 5 6 7 |  7.2
Polearms       | 1 2 3 5 6 7 |  7.2
Staves         | 1 2 3 5 6 7 |  7.2
Ranged Weapons | 1 2 3 5 6 7 |  7.2
Throwing       | 1 2 3 5 6 7 |  7.2
Armour         | 1 2 3 5 6 7 |  7.2
Dodging        | 1 2 3 5 6 7 |  7.2
Shields        | 1 2 3 5 6 7 |  7.2
Unarmed Combat | 1 2 3 5 6 7 |  7.2
Evocations     | 1 2 3 5 6 7 |  7.2
Conjurations   | 1 2 3 4 5 6 |  6.0
Hexes          | 1 2 3 4 5 6 |  6.0
Summonings     | 1 2 3 4 5 6 |  6.0
Necromancy     | 1 2 3 4 5 6 |  6.0
Translocations | 1 2 3 4 5 6 |  6.0
Transmutations | 1 2 3 4 5 6 |  6.0
Fire Magic     | 1 2 3 4 5 6 |  6.0
Ice Magic      | 1 2 3 4 5 6 |  6.0
Air Magic      | 1 2 3 4 5 6 |  6.0
Earth Magic    | 1 2 3 4 5 6 |  6.0
Poison Magic   | 1 2 3 4 5 6 |  6.0
Stealth        | 3 4 5 6 7 |  7.7
Maces & Flails | 5 6 7 8 |  8.6
Fighting       | 7 8 9 |  9.8
Spellcasting   | 8 9 10 | 10.2

Action                   |  1- 3 |  4- 6 |  7- 9 | 10-12 || total
-------------------------+-------+-------+-------+-------++-------
Melee: Mace              |    83 |       |       |       ||    83
       Bite              |    10 |    16 |    42 |    24 ||    92
       Dagger            |    14 |   147 |   318 |   120 ||   599
       Punch             |       |     1 |     4 |     5 ||    10
       Quarterstaff      |       |       |       |   114 ||   114
Throw: Dart              |       |       |     3 |     4 ||     7
 Cast: Foxfire           |       |    56 |    94 |    42 ||   192
       Ignite Poison     |       |       |    20 |    19 ||    39
       Summon Guardian G |       |       |    21 |    38 ||    59
       Summon Lightning  |       |       |       |    67 ||    67
       Flame Wave        |       |       |       |     2 ||     2
       Sticky Flame      |       |       |       |    11 ||    11
       Irradiate         |       |       |       |     2 ||     2
Invok: Sacrifice Purity  |       |       |     1 |       ||     1
Evoke: Wand              |       |       |       |     1 ||     1
       Box of beasts     |       |       |       |     1 ||     1
  Use: Potion            |       |       |     5 |     5 ||    10
       Scroll            |       |       |     7 |    11 ||    18
 Stab: Sleeping          |     2 |     2 |     2 |       ||     6
       Distracted        |     1 |       |       |     4 ||     5
Armor: Leather armour    |    20 |    38 |    72 |    74 ||   204
Dodge: Dodged            |    52 |    79 |   171 |   163 ||   465
